 Dungeon Crawl Stone Soup version 0.27.0-1-g7a089689b8 (webtiles) character file.

Game seed: 6436969001959641639

12 sanka the Ducker (level 2, 0/19 HPs)
             Began as a Merfolk Necromancer on Aug 7, 2021.
             Slain by a jackal (1 damage)
             ... on level 2 of the Dungeon.
             The game lasted 00:01:38 (958 turns).

sanka the Ducker (Merfolk Necromancer)               Turns: 958, Time: 00:01:38

Health: 0/19       AC:  2    Str:  8    XL:     2   Next: 33%
Magic:  2/5        EV: 13    Int: 14    God:
Gold:   60         SH:  0    Dex: 14    Spells: 4/5 levels left

rFire    . . .     SeeInvis .   b - +0 mace
rCold    . . .     Faith    .   (no shield)
rNeg     . . .     Spirit   .   a - +0 robe
rPois    .         Reflect  .   (no helmet)
rElec    .         Harm     .   (no cloak)
rCorr    .         Rampage  .   (no gloves)
Will     .....                  (no boots)
Stlth    ++........             (no amulet)
HPRegen  0.06/turn              (no ring)
MPRegen  0.09/turn              (no ring)

@: no status effects
A: (nimble swimmer 2), mertail
a: no special abilities


You were on level 2 of the Dungeon.
You visited 1 branch of the dungeon, and saw 2 of its levels.

You collected 60 gold pieces.


Innate Abilities, Weirdness & Mutations

((You are quick and stealthy near water. (Stealth+, EV+, Speed+++)))
Your lower body shifts to a powerful aquatic tail in water.


   Skills:
 + Level 4.0 Dodging
 - Level 2.1 Stealth
 - Level 2.0 Spellcasting
 - Level 3.2 Necromancy


You had 4 spell levels left.
You knew the following spells:

 Your Spells              Type           Power      Damage    Failure   Level
z - Pain                  Necr           40%        1d6       6%          1

Your spell library contained the following spells:

 Spells                   Type           Power      Damage    Failure   Level
 Animate Skeleton         Necr           20%        N/A       6%          1
 Vampiric Draining        Necr           5%         2d6       19%         3
 Slow                     Hex            1%         N/A       34%         2
 Animate Dead             Necr           5%         N/A       52%         4
 Confusing Touch          Hex            1%         N/A       56%         3
 Gell's Gravitas          Tloc           0%         N/A       56%         3
 Lesser Beckoning         Tloc           0%         N/A       56%         3
 Teleport Other           Tloc           1%         N/A       56%         3
 Agony                    Necr           10%        N/A       86%         5

Inventory:

Hand Weapons
 b - a +0 mace (weapon)
Armour
 a - a +0 robe (worn)
Scrolls
 h - a scroll of immolation {unknown}
 i - a scroll of identify {unknown}
Potions
 c - 2 potions of flight {unknown}
 d - 2 potions of cancellation {unknown}
 e - a potion of might {unknown}
 f - 2 potions of resistance {unknown}
 g - a potion of haste {unknown}

Dungeon Overview and Level Annotations

Branches:
Dungeon (2/15)

Altars:

Annotations:
D:2 Sigmund

▒▒▒▒▒▒▒▒▒▒▒▒▒▒▒▒▒
▒....(......)....
▒▒▒▒▒▒▒▒.▒▒▒▒▒▒▒▒▒▒▒▒▒▒.
.........▒ ▒▒.
.........▒ ▒▒..
▒▒▒▒▒▒▒.▒▒ ▒▒▒▒▒▒... ▒.▒
......... ▒m▒ ▒▒▒▒.<.
▒h▒ ▒...... ▒▒▒▒▒▒▒.▒▒
▒.▒▒▒▒▒ .......(.▒ ▒.▒
.▒▒▒▒▒▒..▒ ▒.▒ ▒..▒ ▒.▒
▒†.▒ ▒.▒ ▒..▒ ▒.▒ .....
▒.▒▒▒▒▒


You could see a jackal.


Message History

The jackal is severely wounded.
The jackal bites you.
* * * LOW HITPOINT WARNING * * *
The jackal bites you but does no damage.
You closely miss the jackal.
The jackal is severely wounded.
The jackal bites you.
* * * LOW HITPOINT WARNING * * *
The jackal closely misses you.
You hit the jackal but do no damage.
The jackal is severely wounded.
The jackal bites you but does no damage.
The jackal bites you.
* * * LOW HITPOINT WARNING * * *
You closely miss the jackal.
The jackal is severely wounded.
The jackal misses you. The jackal bites you.
* * * LOW HITPOINT WARNING * * *
The jackal barely resists.
The jackal closely misses you.
The jackal bites you but does no damage.
You miss the jackal.
The jackal is severely wounded.
The jackal barely misses you. The jackal misses you.
You hit the jackal but do no damage.
The jackal is severely wounded.
The jackal bites you.
You die...

Action                   || total
-------------------------++-------
Melee: Mace              ||    17
 Cast: Pain              ||    23
Armor: Robe              ||     6
Dodge: Dodged            ||    16

Levels and vault maps discovered:
D:1:      psy_arrival_dodecagon, layout_rooms, serial_curves, eino_curves_01,
          eino_curves_03, eino_curves_04, eino_curves_04
D:2:      layout_loops_ring, basic_altar, uniq_sigmund

Notes
Turn   | Place    | Note
-------+----------+-------------------------------------------
     0 | D:1      | sanka the Merfolk Necromancer began the quest for the Orb.
     0 | D:1      | Reached XP level 1. HP: 13/13 MP: 3/3
    41 | D:1      | Reached skill level 3 in Dodging
   414 | D:1      | Reached XP level 2. HP: 16/19 MP: 1/5
   747 | D:2      | Noticed Sigmund
   903 | D:2      | Reached skill level 4 in Dodging
   958 | D:2      | Slain by a jackal

Vanquished Creatures
  2 endoplasms (D:1)
  A giant cockroach (D:1)
  2 goblins
  A hobgoblin (D:1)
  A kobold (D:1)
  A ball python (D:1)
  A bat (D:1)
  2 rats
11 creatures vanquished.
